AoeStats
← carloslhc3809

Arabian Desert

510544661Analyzed
1v1 RM · 10h ago on Oct 1, 2026· 21m 28s· 2 players
Game mode
Random Map
Map size
Tiny (2 player)
Population
200
Speed
Normal
Resources
Standard
Victory
Conquest
Starting age
Dark Age
Ending age
Imperial Age
RankedLock teamsTeams togetherTeam positionsShared explorationLock speedFull tech treeHidden civsTurbo modeCheats
Victory
Defeat
🇩🇪 Mongols · Germany
884
+18
🇳🇱 Japanese · Netherlands
927
-18
BelowAVG
7:40 Loom
9:25 Feudal Age
10:23 Double-Bit Axe
15:22 Castle Age
15:58 Scale Barding Armor
16:16 Bloodlines
18:22 Forging
carloslhc3809
7:14 Loom
9:29 Feudal Age
11:14 Town Watch
11:31 Man-at-Arms
15:50 Forging
23:07 Castle Age
21:26 Horse Collar
Connection lost

Rejoining the realm…

Still unreachable

The connection could not be restored.

Session expired

The server has moved on; the page needs a fresh start.